 Dungeon Crawl Stone Soup version 0.31-a0-1009-g454b1f1e0a (webtiles) character file.

Game seed: 3536259459103041648

4 Azuregosa the Trooper (level 1, -2/21 HPs)
             Began as a Naga Fighter on Nov 15, 2023.
             Slain by a goblin
             ... wielding a +0 club
              (3 damage)
             ... on level 1 of the Dungeon.
             The game lasted 00:00:32 (43 turns).

Azuregosa the Trooper (Naga Fighter)                  Turns: 43, Time: 00:00:33

Health: -2/21      AC:  3    Str: 18    XL:     1   Next: 60%
Magic:  1/1        EV:  7    Int:  8    God:
Gold:   0          SH:  4    Dex: 10    Spells: 0/0 levels left

rFire   . . .        a - +0 flail
rCold   . . .        c - +0 buckler
rNeg    . . .        b - +0 scale mail
rPois   +            (no helmet)
rElec   .            (no cloak)
rCorr   .            (no gloves)
SInv    +            (no barding)
Will    .....        (no amulet) Stlth
                     (no ring)
HPRegen 0.23/turn    (no ring)
MPRegen 0.07/turn

%: no passive effects
@: very slow
A: AC +0, large, see invisible, deformed body, poison resistance, slowness 2,
spit poison 1, naga tail 1
a: Spit Poison


You were on level 1 of the Dungeon.
You visited 1 branch of the dungeon, and saw 1 of its levels.

Inventory:

Hand Weapons
 a - a +0 flail (weapon)
Armour
 b - a +0 scale mail (worn)
 c - a +0 buckler (worn)
Potions
 d - a potion of might


   Skills:
 - Level 3.0 Fighting
 - Level 2.0 Maces & Flails
 - Level 2.4 Armour
 + Level 1.9 Stealth
 - Level 2.6 Shields


You couldn't memorise any spells.
You didn't know any spells.
Your spell library was empty.

Dungeon Overview and Level Annotations

Branches:
Dungeon (1/15)

Altars:


Innate Abilities, Weirdness & Mutations

Your serpentine skin is tough. (AC +0)
You have supernaturally acute eyesight. (SInv)
Armour fits poorly on your strangely shaped body.
Your system is resistant to poisons. (rPois)
You cover ground very slowly.
You can spit poison.
You have a snake-like lower body.


Message History

The hobgoblin is heavily wounded.
You block the bat's attack. The hobgoblin closely misses you.
The hobgoblin barely misses you.
You closely miss the bat. The bat hits you but does no damage.
The hobgoblin hits you but does no damage.
You sock the endoplasm!
You kill the endoplasm!
The bat barely misses you. The bat hits you but does no damage.
The goblin hits you with a +0 club. The hobgoblin hits you.
You barely miss the goblin. The bat hits you but does no damage.
The hobgoblin completely misses you. The goblin hits you with a +0 club. x2
The hobgoblin hits you.
You barely miss the goblin. The bat barely misses you.
The goblin barely misses you. The hobgoblin hits you.
You block the bat's attack.
You closely miss the hobgoblin.
The hobgoblin is heavily wounded.
The bat hits you but does no damage. The goblin hits you with a +0 club.
The hobgoblin hits you.
* * * LOW HITPOINT WARNING * * *
You completely miss the hobgoblin.
The hobgoblin is heavily wounded.
The bat hits you but does no damage.
The hobgoblin hits you but does no damage.
The goblin hits you with a +0 club.
* * * LOW HITPOINT WARNING * * *
The goblin hits you with a +0 club.
* * * LOW HITPOINT WARNING * * *
The hobgoblin hits you.
* * * LOW HITPOINT WARNING * * *
The bat hits you but does no damage.
The hobgoblin attacks as it pursues you!
You block the hobgoblin's attack. The goblin attacks as it pursues you!
The goblin hits you with a +0 club.
* * * LOW HITPOINT WARNING * * *
The bat attacks as it pursues you! You block the bat's attack.
The bat barely misses you. The goblin attacks as it pursues you!
The goblin hits you but does no damage. The hobgoblin closely misses you.
The goblin hits you with a +0 club.
You die...

.........#...####
...................
................?..
...................
...................
..#............>...
.........b.........
.##......g.........
........@g.........
##..###.#..........
#.†##......#.#.
#..##..........
###.###..........
#..## #..........
##...# #..........
#..#...##..#....
###.##....#


You could see a hobgoblin, a goblin and a bat.

Vanquished Creatures
  A ball python (D:1)
  An endoplasm (D:1)
  A giant cockroach (D:1)
3 creatures vanquished.

Notes
Turn   | Place    | Note
-------+----------+-------------------------------------------
     0 | D:1      | Azuregosa the Naga Fighter began the quest for the Orb.
     0 | D:1      | Reached XP level 1. HP: 21/21 MP: 1/1
    25 | D:1      | Reached skill level 1 in Stealth
    42 | D:1      | HP: 1/21 [goblin/+0 club (3)]
    43 | D:1      | Slain by a goblin

Illustrated notes

Levels and vault maps discovered:
D:1:      lemuel_arrival_tunnels, layout_rooms, dreamdust_princess_bridge

Skill      XL: |  1 |
---------------+----+-----
Stealth        | 1 |  1.9
Fighting       | |  3.0
Maces & Flails | |  2.0
Armour         | |  2.4
Shields        | |  2.6

Action                     || total
---------------------------++-------
  Melee: Flail             ||    13
 Armour: Scale mail        ||    30
  Dodge: Dodged            ||    12
  Block: Buckler           ||     6

Table legend: (Time is in decaauts)
 A = Elapsed time spent in this place.
 B = Non-inter-level travel time spent in this place.
 C = Inter-level travel time spent in this place.
 D = Time resting spent in this place.
 E = Time spent auto-exploring this place.
 F = Levels seen in this place.
 G = Mean time per level.
                   A        B        C        D        E       F      G
               +--------+--------+--------+--------+--------+-----+--------+
         Total |     59 |     59 |      0 |      0 |     28 |   1 |   59.0 |
       Dungeon |     59 |     59 |      0 |      0 |     28 |   1 |   59.0 |
               +--------+--------+--------+--------+--------+-----+--------+

Top non-repeatable levels by time:
     D:1: 59 daAuts
